 Dungeon Crawl Stone Soup version 0.28-a0-1038-g9c4cb8273d (webtiles) character file.

Game seed: 16300076710701518120

110081 Jannitor the Fighter (level 16, 0/189 HPs)
             Began as a Demonspawn Cinder Acolyte on Dec 8, 2021.
             Was a Follower of Uskayaw.
             Slain by an entropy weaver (12 damage)
             ... on level 3 of the Lair of Beasts.
             The game lasted 01:25:41 (36829 turns).

Jannitor the Fighter (Demonspawn Cinder Acolyte)   Turns: 36829, Time: 01:25:42

Health: 0/189      AC:  3    Str: 18    XL:     16   Next: 6%
Magic:  29/29      EV: 22    Int: 21    God:    Uskayaw [*.....]
Gold:   2766       SH:  0    Dex: 12    Spells: 8/33 levels left

rFire   . . .      SeeInvis +   N - +7 quick blade "Jannitor's Peril" {protect, rElec Int+4}
rCold   . . .      Faith    +   (no shield)
rNeg    . . .      Spirit   .   z - +0 swamp dragon scales
rPois   +          Reflect  .   (no helmet)
rElec   +          Harm     .   M - +1 cloak {Will+}
rCorr   .          Rampage  .   (gloves unavailable)
Will    ++...                   (no boots)
Stlth   ..........              Q - amulet of faith
HPRegen 0.41/turn               t - +4 ring of evasion
MPRegen 0.21/turn               H - ring of see invisible

@: agile, berserking, corroded, very slightly contaminated, very quick
A: yellow scales 2, powered by death 3, powered by pain 2, augmentation 1,
demonic touch 3
a: Renounce Religion, Stomp


You were on level 3 of the Lair of Beasts.
You worshipped Uskayaw.
Uskayaw was noncommittal.
You visited 4 branches of the dungeon, and saw 24 of its levels.
You also visited: Sewer, Bailey and Ice Cave.

You collected 3508 gold pieces.
You spent 742 gold pieces at shops.

Inventory:

Hand Weapons
 L - a +0 rapier of venom
 N - the +7 quick blade "Jannitor's Peril" (weapon) {protect, rElec Int+4}
   (You acquired it on level 9 of the Dungeon)

   It grants its wielder temporary protection when it strikes (+7 to AC).
   Int:       It affects your intelligence (+4).
   rElec:     It insulates you from electricity.
Missiles
 i - 30 poisoned darts (quivered)
 j - 4 throwing nets
 y - a curare-tipped dart
Armour
 z - +0 swamp dragon scales (worn)
 M - a +1 cloak of willpower (worn)
Jewellery
 c - an amulet of reflection
 k - a +4 ring of protection
 s - an amulet of guardian spirit
 t - a +4 ring of evasion (left hand)
 x - a +4 ring of evasion
 D - a +6 ring of strength
 H - a ring of see invisible (right hand)
 Q - an amulet of faith (around neck)
 T - an amulet of magic regeneration
 U - an amulet of the acrobat
Wands
 w - a wand of flame (23)
 C - a wand of charming (13)
 G - a wand of polymorph (2)
 I - a wand of iceblast (8)
 J - a wand of paralysis (4)
 V - a wand of acid (6)
Scrolls
 b - a scroll of enchant armour
 m - 7 scrolls of amnesia
 n - 2 scrolls of enchant weapon
 o - 2 scrolls of vulnerability
 u - 2 scrolls of holy word
 v - 3 scrolls of fog
 O - a scroll of silence
 R - a scroll of brand weapon
 W - a scroll of magic mapping
Potions
 d - 4 potions of magic
 e - 2 potions of might
 g - a potion of heal wounds
 h - 3 potions of flight
 l - 2 potions of mutation
 p - 5 potions of lignification
 q - 8 potions of curing
 r - a potion of resistance
 B - 2 potions of haste
 E - 3 potions of attraction
 K - a potion of ambrosia {unknown}
 S - a potion of brilliance {unknown}
Miscellaneous
 f - a tin of tremorstones (2/2)
 F - a phantom mirror (inert)
 P - a phial of floods


   Skills:
 + Level 11.5 Fighting
 - Level 8.5 Short Blades
 - Level 7.9 Maces & Flails
 - Level 8.9 Armour
 + Level 5.7 Dodging
 * Level 10.4 Stealth
 - Level 1.7 Shields
 - Level 9.3 Spellcasting
 - Level 2.0 Conjurations
 + Level 3.2 Hexes
 - Level 5.6 Summonings
 + Level 2.5 Translocations
 - Level 8.3 Fire Magic
 - Level 5.0 Earth Magic
 + Level 7.0 Invocations
 - Level 9.1 Evocations


You had 8 spell levels left.
You knew the following spells:

 Your Spells              Type           Power      Damage    Failure   Level
a - Scorch                Fire           88%        2d9       1%          2
b - Animate Armour        Summ/Erth      64%        N/A       12%         4
c - Sticky Flame          Conj/Fire      31%        2d5       13%         4
d - Confusing Touch       Hex            23%        N/A       9%          3
e - Manifold Assault      Tloc           20%        N/A       73%         5
f - Blink                 Tloc           40%        N/A       6%          2
g - Passwall              Tmut/Erth      16%        N/A       6%          2
h - Dazzling Flash        Conj/Hex       40%        N/A       12%         3

Your spell library contained the following spells:

 Spells                   Type           Power      Damage    Failure   Level
 Call Imp                 Summ           33%        N/A       1%          2
 Slow                     Hex            92%        N/A       3%          1
 Call Canine Familiar     Summ           33%        N/A       3%          3
 Apportation              Tloc           40%        N/A       4%          1
 Magic Dart               Conj           72%        1d6       4%          1
 Conjure Flame            Conj/Fire      31%        6-21      4%          3
 Stone Arrow              Conj/Erth      48%        3d10      8%          3
 Static Discharge         Conj/Air       14%        N/A       11%         2
 Ignite Poison            Fire/Tmut/Pois 21%        N/A       11%         3
 Portal Projectile        Hex/Tloc       42%        N/A       11%         3
 Gell's Gravitas          Tloc           20%        N/A       12%         3
 Lesser Beckoning         Tloc           20%        N/A       12%         3
 Leda's Liquefaction      Hex/Erth       13%        N/A       21%         4
 Mephitic Cloud           Conj/Pois/Air  12%        N/A       26%         3
 Cause Fear               Hex            11%        N/A       30%         4
 Frozen Ramparts          Ice            18%        1d3       32%         3
 Swiftness                Air            9%         N/A       32%         3
 Summon Ice Beast         Ice/Summ       21%        N/A       34%         4
 Summon Lightning Spire   Summ/Air       21%        N/A       34%         4
 Iskenderun's Mystic Bla  Conj/Tloc      19%        2d6       41%         4
 Ice Form                 Ice/Tmut       9%         N/A       73%         4
 Yara's Violent Unravell  Hex/Tmut       8%         3d5       85%         5
 Lightning Bolt           Conj/Air       7%         1d19      90%         5
 Starburst                Conj/Fire      15%        6d6       90%         6
 Freezing Cloud           Conj/Ice/Air   6%         6-21      93%         5
 Alistair's Intoxication  Tmut/Pois      6%         N/A       97%         5
 Blade Hands              Tmut           4%         N/A       97%         5
 Iron Shot                Conj/Erth      12%        9d3       99%         6
 Eringya's Noxious Bog    Tmut/Pois      4%         N/A       100%        6
 Simulacrum               Ice/Necr       4%         N/A       100%        6
 Dragon Form              Tmut           4%         N/A       100%        7
 Storm Form               Tmut/Air       4%         N/A       100%        7
 Lehudib's Crystal Spear  Conj/Erth      12%        10d4      100%        8
 Maxwell's Capacitive Co  Air            4%         ∞         100%        8
 Dragon's Call            Summ           16%        N/A       100%        9
 Polar Vortex             Ice            4%         N/A       100%        9


Dungeon Overview and Level Annotations

Branches:
Dungeon (15/15)            Temple (0/1) D:7            Lair (6/6) D:9
  Swamp (0/4) Lair:4       Spider (1/4) Lair:3        Slime (0/5) Lair:5
    Orc (2/2) D:9             Elf (0/3) Orc:2        Vaults (0/5) D:14
 Depths (0/4) D:15          Sewer (visited)          Bailey (visited)
  IceCv (visited)

Altars:
Ashenzari
Cheibriados
Fedhas
Gozag
Kikubaaqudgha
Nemelex Xobeh
Okawaru
Qazlal
Ru
Sif Muna
Uskayaw
Vehumet
Wu Jian
Xom
The Shining One
Beogh

Shops:
D:7 (   D:13 =   Orc:2 !!(=

Annotations:
D:13 exclusions: ice statue and orange crystal statue
Lair:3 Rupert
Orc:2 1 runed translucent door, confidenceinterval's ghost, journeyman GnCj


Innate Abilities, Weirdness & Mutations

You are mostly covered in yellow scales. (AC +3)
You regenerate a lot of health from kills.
You sometimes gain power by taking damage.
Your magical and physical power is slightly enhanced at high health.
Your touch may irresistibly damage your foes and sap their willpower.


Message History

Unknown command.
Unknown command.
Okay, then.
Unknown command.
Unknown command.
Okay, then.
Unknown command.
Okay, then.
Unknown command.
A red film seems to cover your vision as you go berserk!
You feel yourself moving faster!
You feel mighty! The entropy weaver hits you. The entropy weaver hits you!
* * * LOW HITPOINT WARNING * * *
You focus on the pain.
You feel your power returning. The entropy weaver hits you!
* * * LOW HITPOINT WARNING * * *
The entropy weaver barely misses you.
Your entropy weaver hits the entropy weaver.
Your entropy weaver barely misses the entropy weaver.
Your entropy weaver hits the entropy weaver!
Your entropy weaver hits the entropy weaver.
The nameless horror is caught in a web!
You disentangle yourself.
You feel a strong urge to attack something.
The entropy weaver hits you!
* * * LOW HITPOINT WARNING * * *
You focus on the pain.
You feel agile all of a sudden. The entropy weaver misses you.
The entropy weaver closely misses you. The entropy weaver hits you.
* * * LOW HITPOINT WARNING * * *
You miss the entropy weaver.
The entropy weaver is heavily wounded.
Your entropy weaver completely misses the entropy weaver.
Your entropy weaver hits the entropy weaver. x2
Your entropy weaver completely misses the entropy weaver.
The entropy weaver hits you.
* * * LOW HITPOINT WARNING * * *
The entropy weaver misses you. The entropy weaver hits you!
You die...

#....######....##.## #...##
#.........## ####...#
#..........### #########.##...##
#...........)# .........#....".#
##.........#.## ##.........##..##
#........#.###
####............###.........## #
#.#..........##^^...###...#####
#(..........#^@X^.s###.....#...
##...........##^B..#^^^.........
##.............#.B.^^^^..........
#...............^..^>^...........
#.......(.........#^^^...^.......
#.................##^^^..........
...............^..^##^#..........
...................^###..........
#...............^...###.^........


You could see an entropy weaver (combustible, corroded, ally target), a nameless
horror (webbed), a redback and a friendly entropy weaver (summoned, drained).

Vanquished Creatures
  Gastronok (D:9)
  An orc warlord (Orc:1)
  An emperor scorpion (Lair:3)
  Snorg (Lair:3)
  A fire dragon (D:15)
  20 hydras
  2 vault guards (D:14)
  Erolcha (D:10)
  Harold (D:9)
  2 ogre magi (Orc:2)
  9 centaur warriors
  An ice dragon (D:15)
  3 boulder beetles
  A death knight (D:13)
  2 two-headed ogres
  Urug (Lair:3)
  Nergalle (D:12)
  2 goliath frogs (Lair:6)
  A deep troll (shapeshifter) (D:12)
  2 bog bodies (Lair:4)
  A wizard (D:10)
  A wolf spider (Lair:3)
  5 deep elf pyromancers
  4 cyclopes
  8 orc sorcerers (Orc:2)
  6 manticores
  10 ugly things
  13 elephants
  A guardian serpent (shapeshifter) (D:13)
  3 ice statues (IceCv)
  3 black mambas
  Joseph (D:9)
  2 gargoyles
  A torpor snail (Lair:2)
  Maggie (D:6)
  21 cane toads
  A cane toad (shapeshifter) (D:14)
  An efreet (D:14)
  An unseen horror (D:11)
  A yaktaur (D:13)
  5 freezing wraiths
  3 rime drakes
  A kobold demonologist (D:12)
  5 komodo dragons
  An entropy weaver simulacrum (IceCv)
  8 trolls
  3 polar bears
  2 tyrant leeches (Lair:6)
  A wind drake (shapeshifter) (D:15)
  A hornet (D:12)
  A meliai (shapeshifter) (D:13)
  7 slime creatures
  37 blink frogs
  A blink frog (shapeshifter) (D:14)
  13 dream sheep (Lair:6)
  6 wyverns
  Sigmund (D:6)
  A shadow (D:12)
  A dire elephant simulacrum (IceCv)
  5 redbacks (Lair:3)
  A basilisk (D:15)
  A human (shapeshifter) (D:12)
  2 wraiths
  A yak (shapeshifter) (D:14)
  40 yaks
  10 humans (D:14)
  19 fire elementals
  4 wargs
  20 vampire mosquitoes
  A harpy simulacrum (IceCv)
  2 acid dragons
  11 water moccasins
  Duvessa (D:4)
  A sky beast (D:6)
  2 black bears
  14 orc warriors
  An ice beast (D:8)
  9 ogres
  10 wolves
  17 centaurs
  2 phantoms
  A kobold brigand (D:6)
  15 bullfrogs
  2 gnoll sergeants
  A wyvern zombie (D:7)
  A cane toad simulacrum (IceCv)
  Dowan (D:4)
  3 elephant simulacra (IceCv)
  3 killer bees (D:10)
  8 wights
  2 electric eels
  2 lava snakes (D:13)
  8 howler monkeys
  4 hounds
  7 orc priests
  2 centaur skeletons (D:7)
  16 jellies
  Ijyb (D:4)
  3 iguanas
  35 orc wizards
  4 hell rats (Lair:5)
  A hound skeleton (D:5)
  3 howler monkey zombies
  14 gnolls
  7 adders
  A shadow imp (D:6)
  An ufetubus (D:4)
  4 worms
  3 dart slugs
  53 orcs
  4 ball pythons
  8 bats
  4 endoplasms
  4 giant cockroaches
  11 goblins
  9 hobgoblins
  6 jackals
  7 quokkas
  2 frilled lizards
  25 kobolds
  4 rats
  A toadstool (D:1)
702 creatures vanquished.

Vanquished Creatures (collateral kills)
  2 hydras
  A catoblepas (Lair:3)
  5 elephants
  A black mamba (Lair:6)
  2 cane toads (Lair:3)
  Psyche (D:10)
  2 komodo dragons (Lair:3)
  A polar bear (Lair:3)
  A blink frog (Lair:6)
  2 fire elementals (Lair:6)
  3 yaks (Lair:3)
  A basilisk (Lair:3)
  A warg (Orc:1)
  A water moccasin (Lair:3)
  A nameless horror (Lair:3)
  3 wolves (Lair:3)
  An orc wizard (Orc:1)
29 creatures vanquished.

Vanquished Creatures (others)
  2 orcs
  A bush (Lair:2)
  9 foxfires
  35 fungi
  104 plants
  3 toadstools (D:1)
154 creatures vanquished.

Grand Total: 885 creatures vanquished

Notes
Turn   | Place    | Note
-------+----------+-------------------------------------------
     0 | D:1      | Jannitor the Demonspawn Cinder Acolyte began the quest for
                  | the Orb.
     0 | D:1      | Reached XP level 1. HP: 18/18 MP: 2/2
   537 | D:1      | Gained mutation: You are partially covered in yellow
                  | scales. (AC +2) [demonic ancestry]
   537 | D:1      | Reached XP level 2. HP: 22/24 MP: 3/3
  1392 | D:2      | Gained mutation: Your touch may inflict minor irresistible
                  | damage on your foes. [demonic ancestry]
  1392 | D:2      | Reached XP level 3. HP: 29/29 MP: 5/5
  1395 | D:2      | Learned a level 2 spell: Scorch
  1484 | D:2      | Found a faded altar of an unknown god.
  1502 | D:2      | Reached skill level 1 in Armour
  1873 | D:1      | Gained mutation: You sometimes gain a little power by
                  | taking damage. [demonic ancestry]
  1873 | D:1      | Reached XP level 4. HP: 23/35 MP: 1/6
  2614 | D:3      | Noticed a black bear
  2628 | D:3      | Noticed an ogre
  2805 | D:4      | Noticed Ijyb
  2815 | D:4      | Gained mutation: You regenerate a little health from kills.
                  | [demonic ancestry]
  2815 | D:4      | Reached XP level 5. HP: 27/41 MP: 8/8
  2820 | D:4      | Killed Ijyb
  2829 | D:4      | Noticed a black bear
  2841 | D:4      | Killed a black bear
  2879 | D:4      | Gained mutation: You sometimes gain power by taking damage.
                  | [demonic ancestry]
  2879 | D:4      | Reached XP level 6. HP: 44/48 MP: 4/9
  2907 | D:4      | Reached skill level 4 in Fighting
  2907 | D:4      | Reached skill level 1 in Evocations
  3200 | D:4      | Found a glowing drain.
  3204 | Sewer    | Entered a sewer
  3280 | Sewer    | Noticed a water moccasin
  3284 | Sewer    | Killed a water moccasin
  3408 | D:4      | Noticed Duvessa
  3408 | D:4      | Noticed Dowan
  3491 | D:3      | Gained mutation: Your touch may inflict irresistible damage
                  | on your foes. [demonic ancestry]
  3491 | D:3      | Reached XP level 7. HP: 30/54 MP: 8/11
  3664 | D:3      | Found a sparkling altar of Nemelex Xobeh.
  3808 | D:3      | Found a broken altar of Ashenzari.
  3955 | D:3      | Found an ornate altar of the Wu Jian Council.
  4377 | D:4      | Killed Dowan
  4464 | D:4      | Killed Duvessa
  4674 | D:5      | Entered Level 5 of the Dungeon
  5162 | D:5      | Reached XP level 8. HP: 61/61 MP: 6/13
  5297 | D:5      | Reached skill level 5 in Fighting
  5878 | D:4      | Reached skill level 5 in Maces & Flails
  5993 | D:5      | Reached skill level 5 in Fire Magic
  6420 | D:5      | Found a sacrificial altar of Ru.
  6632 | D:5      | Gained mutation: You are mostly covered in yellow scales.
                  | (AC +3) [demonic ancestry]
  6632 | D:5      | Reached XP level 9. HP: 69/69 MP: 3/15
  6902 | D:6      | Noticed Maggie
  6921 | D:6      | Killed Maggie
  6922 | D:6      | Reached skill level 6 in Fighting
  7215 | D:6      | Noticed a troll
  7231 | D:6      | Killed a troll
  7232 | D:6      | Reached skill level 5 in Spellcasting
  7655 | D:6      | Noticed Sigmund
  7659 | D:6      | Killed Sigmund
  7660 | D:6      | Reached skill level 5 in Armour
  7660 | D:6      | Reached skill level 5 in Evocations
  7926 | D:7      | Found an opulent altar of Gozag.
  8045 | D:7      | Found a shimmering altar of Xom.
  8137 | D:7      | Found a shimmering blue altar of Sif Muna.
  8400 | D:7      | Gained mutation: Your touch may irresistibly damage your
                  | foes and sap their willpower. [demonic ancestry]
  8400 | D:7      | Reached XP level 10. HP: 67/77 MP: 14/18
  8556 | D:7      | Found a staircase to the Ecumenical Temple.
  8663 | D:7      | Identified the +0 halberd "Yskes" {flame, *Slow Fly rElec}
  8673 | D:7      | Found Qaun's Weapon Shop.
  8966 | D:8      | Found an iron altar of Okawaru.
  8976 | D:8      | Noticed a manticore
  8986 | D:8      | Killed a manticore
  9193 | D:8      | Learned a level 4 spell: Animate Armour
 10255 | D:9      | Found a stormy altar of Qazlal.
 10264 | D:8      | Reached skill level 1 in Summonings
 10428 | D:8      | Reached skill level 7 in Fighting
 10788 | D:9      | Found a staircase to the Lair.
 10837 | D:9      | Found a staircase to the Orcish Mines.
 10866 | D:9      | Reached skill level 1 in Shields
 10949 | D:9      | Noticed Joseph
 10963 | D:9      | Killed Joseph
 11240 | D:9      | Noticed Harold
 11256 | D:9      | Killed Harold
 11460 | D:9      | Noticed Gastronok
 12068 | D:10     | Entered Level 10 of the Dungeon
 12191 | D:10     | Noticed Erolcha
 12200 | D:10     | Killed Erolcha
 12201 | D:10     | Gained mutation: You regenerate health from kills. [demonic
                  | ancestry]
 12201 | D:10     | Reached XP level 11. HP: 84/84 MP: 20/20
 12444 | D:10     | Noticed a wizard
 12456 | D:10     | Killed a wizard
 12519 | D:10     | Found a hide-covered altar of Uskayaw.
 13009 | D:10     | Found a snail-covered altar of Cheibriados.
 13010 | D:10     | Noticed a two-headed ogre
 13010 | D:10     | Noticed a green ugly thing
 13022 | D:10     | Killed a two-headed ogre
 13027 | D:10     | Killed a green ugly thing
 13031 | D:10     | Noticed Psyche
 13144 | D:10     | Killed Psyche
 14055 | D:11     | Noticed a two-headed ogre
 14062 | D:11     | Killed a two-headed ogre
 14623 | D:12     | Reached skill level 8 in Fighting
 14736 | D:12     | Found a flagged portal.
 14740 | D:12     | Noticed a six-headed hydra
 14745 | D:12     | Killed a six-headed hydra
 14749 | Bailey   | Entered a bailey
 14760 | Bailey   | Noticed an orc knight
 14766 | Bailey   | an orc knight changed into a cyclops
 15071 | Bailey   | Identified the +10 hunting sling of Yqeshref {venom, rF+
                  | Int+5 Stlth+}
 15369 | D:12     | Noticed a brown ugly thing
 15379 | D:12     | Killed a brown ugly thing
 15380 | D:12     | Reached XP level 12. HP: 55/94 MP: 5/22
 15608 | D:12     | Noticed an eight-headed hydra
 15638 | D:12     | Killed an eight-headed hydra
 15983 | D:12     | Noticed a centaur warrior
 15990 | D:12     | Noticed a centaur warrior
 15997 | D:12     | Killed a centaur warrior
 15998 | D:12     | Reached skill level 5 in Summonings
 16003 | D:12     | Killed a centaur warrior
 16171 | D:12     | Noticed Nergalle
 16184 | D:12     | Killed Nergalle
 16562 | D:12     | Noticed a boulder beetle
 16642 | D:12     | Noticed a boulder beetle
 16661 | D:12     | Killed a boulder beetle
 16885 | D:12     | Killed a boulder beetle
 16895 | D:12     | Reached skill level 9 in Fighting
 17035 | D:12     | Noticed a five-headed hydra
 17210 | D:12     | Reached skill level 1 in Short Blades
 17210 | D:12     | Reached skill level 1 in Stealth
 17632 | D:12     | Killed a five-headed hydra
 17730 | D:12     | Found a blossoming altar of Fedhas.
 17829 | D:13     | Noticed a centaur warrior
 17844 | D:13     | Killed a centaur warrior
 17896 | D:13     | Noticed a centaur warrior
 17915 | D:13     | Killed a centaur warrior
 17937 | D:13     | Noticed a boulder beetle
 17948 | D:13     | Killed a boulder beetle
 17958 | D:13     | Found a frozen archway.
 17959 | D:13     | Noticed a centaur warrior
 17968 | D:13     | Killed a centaur warrior
 17969 | D:13     | Gained mutation: Your magical and physical power is
                  | slightly enhanced at high health. [demonic ancestry]
 17969 | D:13     | Reached XP level 13. HP: 71/101 MP: 13/25
 17997 | IceCv    | Entered an ice cave
 18071 | IceCv    | Identified a scroll of acquirement
 19396 | IceCv    | Identified the +2 robe of Burnt Fun {+Blink rC- Str+2
                  | Int+4}
 19440 | D:13     | Found Ruokk's Jewellery Boutique.
 20062 | Lair:1   | Entered Level 1 of the Lair of Beasts
 20828 | Lair:1   | Reached skill level 1 in Earth Magic
 21609 | Lair:2   | Reached skill level 5 in Stealth
 22009 | Lair:2   | Reached skill level 1 in Dodging
 22492 | Lair:2   | Reached skill level 5 in Short Blades
 23256 | Lair:3   | Noticed Snorg
 23269 | Lair:3   | Killed Snorg
 23505 | Lair:3   | Found a hole to the Spider Nest.
 23553 | Lair:3   | Noticed Urug
 23610 | Lair:3   | Killed Urug
 23942 | Lair:3   | You fall into a shaft and drop 1 floor!
 23963 | Lair:4   | Reached skill level 10 in Fighting
 24044 | Lair:4   | Learned a level 4 spell: Sticky Flame
 24514 | Lair:4   | Found a staircase to the Swamp.
 24526 | Lair:4   | Gained mutation: You regenerate a lot of health from kills.
                  | [demonic ancestry]
 24526 | Lair:4   | Reached XP level 14. HP: 19/110 MP: 19/26
 24876 | Lair:4   | Identified the +1 ring mail "Naigoiwk" {Harm Drain +Blink
                  | rCorr}
 24975 | Lair:3   | Reached skill level 1 in Conjurations
 25471 | Lair:3   | Identified the +6 great sword of Calculation {freeze, rElec
                  | rPois Str+3 Stlth+}
 25948 | Lair:3   | Noticed Rupert
 25949 | Lair:3   | Paralysed by Rupert for 3 turns
 26268 | Lair:3   | Paralysed by Rupert for 6 turns
 26440 | D:10     | Fell from the grace of Ignis
 26440 | D:10     | Became a worshipper of Uskayaw the Reveller
 26525 | Orc:1    | Entered Level 1 of the Orcish Mines
 26529 | Orc:1    | Noticed an orc warlord
 26535 | D:9      | Reached * piety under Uskayaw
 26586 | D:9      | Acquired the +7 quick blade "Jannitor's Peril" {protect,
                  | rElec Int+4}
 26721 | Lair:4   | Reached ** piety under Uskayaw
 26727 | Lair:4   | Reached *** piety under Uskayaw
 26936 | Lair:4   | Reached **** piety under Uskayaw
 27119 | Lair:4   | Reached ***** piety under Uskayaw
 27645 | Lair:5   | Learned a level 3 spell: Confusing Touch
 27930 | Lair:5   | Reached skill level 1 in Invocations
 27986 | Lair:5   | Found a staircase to the Slime Pits.
 28007 | Lair:5   | Reached ****** piety under Uskayaw
 28045 | Lair:5   | Reached skill level 1 in Hexes
 28922 | Lair:6   | Entered Level 6 of the Lair of Beasts
 29391 | Lair:6   | Reached XP level 15. HP: 103/117 MP: 28/28
 29635 | Lair:6   | Got Reuz's Disquisition on Dislocation and Envenoming
 29667 | Lair:6   | Identified the +1 leather armour of Winter {rElec}
 30604 | Orc:1    | Killed an orc warlord
 31124 | Orc:2    | Entered Level 2 of the Orcish Mines
 31124 | Orc:2    | Noticed confidenceinterval's ghost (journeyman GnCj)
 31124 | Orc:2    | Found a runed translucent door.
 31124 | Orc:2    | Found a staircase to the Elven Halls.
 31189 | Orc:2    | Found Weon's Antique Weapon Shoppe.
 31210 | Orc:2    | Paralysed by an orc sorcerer for 5 turns
 31238 | Orc:2    | Found a radiant altar of Vehumet.
 31241 | Orc:2    | Paralysed by an ogre mage for 4 turns
 31287 | Orc:2    | Reached skill level 5 in Invocations
 31293 | Orc:2    | Reached skill level 11 in Fighting
 31330 | Orc:2    | Found an ancient bone altar of Kikubaaqudgha.
 31355 | Orc:2    | Found Eleosif's Jewellery Emporium.
 31365 | Orc:2    | Found Okkyre's Distillery.
 31487 | Orc:2    | Was forgiven by Ignis
 31635 | Orc:2    | Found Eniust's Distillery.
 31738 | Orc:2    | Bought a potion of berserk rage for 70 gold pieces
 31738 | Orc:2    | Bought a potion of heal wounds for 70 gold pieces
 31738 | Orc:2    | Bought a potion of haste for 140 gold pieces
 31738 | Orc:2    | Bought a potion of curing for 42 gold pieces
 31738 | Orc:2    | Bought a potion of curing for 42 gold pieces
 31738 | Orc:2    | Bought a potion of mutation for 112 gold pieces
 31738 | Orc:2    | Bought a potion of might for 56 gold pieces
 31747 | Orc:2    | Bought a potion of resistance for 140 gold pieces
 31747 | Orc:2    | Bought a potion of heal wounds for 70 gold pieces
 32586 | D:9      | Killed Gastronok
 32587 | D:9      | Reached skill level 5 in Earth Magic
 32718 | D:10     | Identified the +2 robe of the Comet {rElec Will+}
 33076 | D:12     | Identified the +0 hand crossbow of Bixkeokk {flame, rC+ rN+
                  | Dex-2}
 33188 | D:13     | You fall into a shaft and drop 2 floors!
 33188 | D:15     | Entered Level 15 of the Dungeon
 33334 | D:14     | Learned a level 5 spell: Manifold Assault
 33337 | D:14     | Learned a level 2 spell: Blink
 33340 | D:14     | Learned a level 2 spell: Passwall
 33402 | D:14     | Reached skill level 5 in Dodging
 33474 | D:14     | Reached skill level 1 in Translocations
 34078 | D:14     | Found a gate to the Vaults.
 34595 | D:15     | Learned a level 3 spell: Dazzling Flash
 34673 | D:15     | Reached skill level 10 in Stealth
 34820 | D:15     | Found a hide-covered altar of Uskayaw.
 34836 | D:15     | Identified the +1 pair of gloves "Sofel" {rF+ Will+ Int-4}
 35273 | D:15     | Found a staircase to the Depths.
 35720 | D:13     | Reached XP level 16. HP: 99/126 MP: 29/29
 36530 | Spider:1 | Entered Level 1 of the Spider Nest
 36829 | Lair:3   | Slain by an entropy weaver

Illustrated notes

Levels and vault maps discovered:
D:1:      ldierk_water_garden, layout_rooms, serial_corexii_hall,
          chequers_hall_statues_corner_a, chequers_hall_statues_y
D:2:      layout_rooms, basic_ecumenical_altar, minmay_goblin_outpost
D:3:      layout_basic, marbit_many_paths, mainiacjoe_overflow_paths,
          mainiacjoe_overflow_cross_hatched, minmay_misc_feat_secret_circle
D:4:      layout_basic, gup_sewer_entry_bowl, minmay_misc_feat_plants,
          uniq_duvessa, uniq_ijyb
D:5:      layout_cave_pools, nicolae_ru_great_annihilating_truth
D:6:      layout_basic, minmay_small_thing, uniq_sigmund, uniq_maggie
D:7:      layout_cave_pools, lemuel_crystal_altar, minitemple, temple_pool_b,
          serial_shops, nicolae_shop_bloodbath_and_beyond,
          palyth_stone_intersect
D:8:      layout_gridville, okawaru_metal_pillars_1_2, st_stairs_2
D:9:      layout_basic, lemuel_doored_altar, dpeg_oklobed_lair, orc_0_dummy,
          uniq_gastronok, uniq_harold, uniq_joseph
D:10:     layout_loops_corners, mainiacjoe_overflow_24_doors,
          cheibriados_altar_1, small_chamber_with_monster, uniq_psyche,
          uniq_erolcha
D:11:     layout_cave_pools
D:12:     minmay_the_grid_3x2 [minmay_the_grid_mess, minmay_the_grid_expand,
          minmay_the_grid_slots, minmay_the_grid_empty,
          minmay_the_grid_small_cups, minmay_the_grid_prize_shrinking_boxes],
          layout_layer_cave, enter_bailey_2, fedhas_altar_fruit_tree,
          uniq_nergalle
D:13:     lemuel_ice_statue, layout_basic, serial_shops, kennysheep_little_box,
          portal_ice_cave_entry_pillars_2, disabler_island
D:14:     layout_loops_ring, ximxim_vaults_locker_room
D:15:     grunt_enter_depths_hoard, layout_gridville,
          hellmonk_bongcloud_opening, dancing_weapons_uskayaw
Lair:1:   layout_chaotic_city
Lair:2:   layout_regular_city, grunt_megastairs_3
Lair:3:   nzn_winding_woodlands_cross [nzn_winding_woodlands_5x15_lazy_stream,
          nzn_winding_woodlands_5x15_pool, nzn_winding_woodlands_5x15_sawtooth,
          nzn_winding_woodlands_5x15_pathside_ponds,
          nzn_winding_woodlands_15x15_eel_pit], layout_cave_pods,
          spider_nest_entry_webs, pf_torpor_hydra, infiniplex_staircase_pool_2,
          uniq_snorg, uniq_urug, uniq_rupert
Lair:4:   layout_cave_pods, skrybe_swamp_entry_bodies
Lair:5:   layout_layer_cave, minmay_slime_entry_jelly_boxes
Lair:6:   minmay_lair_end_frog_pond, layout_gridlike
Spider:1: layout_spider_delve, guppyfry_spider_mini_3
Orc:1:    cheibrodos_orc_guarddog, layout_caves
Orc:2:    kennysheep_orc_mage_school, layout_caves,
          hellmonk_ghost_happy_afterlife

Skill      XL: |  1  2  3  4  5  6  7  8  9 10 11 12 13 14 15 16 |
---------------+-------------------------------------------------+-----
Maces & Flails | 3 4 5 6 7 |  7.9
Fire Magic     | 3 4 5 6 7 8 |  8.3
Armour         | 1 2 3 4 5 6 7 8 |  8.9
Spellcasting   | 2 3 4 5 6 7 8 9 |  9.3
Fighting       | 4 5 6 7 8 9 10 11 | 11.5
Evocations     | 1 2 4 5 6 7 8 9 |  9.1
Summonings     | 2 4 5 |  5.6
Shields        | 1 |  1.7
Short Blades   | 2 5 7 8 |  8.5
Stealth        | 3 6 8 10 | 10.4
Earth Magic    | 2 4 5 |  5.0
Dodging        | 2 4 5 |  5.7
Conjurations   | 2 |  2.0
Invocations    | 3 6 7 |  7.0
Hexes          | 2 3 |  3.2
Translocations | 2 |  2.5

Action                   |  1- 3 |  4- 6 |  7- 9 | 10-12 | 13-15 | 16-18 || total
-------------------------+-------+-------+-------+-------+-------+-------++-------
Melee: Mace              |   105 |       |    57 |       |       |       ||   162
       Touch             |     6 |    10 |    34 |     9 |   358 |    18 ||   435
       Flail             |       |    58 |   108 |    78 |       |       ||   244
       Dire flail        |       |       |       |   332 |    35 |       ||   367
       Rapier            |       |       |       |       |   338 |       ||   338
       Quick blade       |       |       |       |       |  1341 |    87 ||  1428
Throw: Dart              |       |       |     2 |     3 |     8 |       ||    13
 Cast: Scorch            |     5 |    26 |   103 |   231 |   287 |     1 ||   653
       Animate Armour    |       |       |       |       |    37 |       ||    37
       Confusing Touch   |       |       |       |       |     1 |       ||     1
       Blink             |       |       |       |       |       |     1 ||     1
       Dazzling Flash    |       |       |       |       |       |     1 ||     1
Invok: Fiery Armour      |     1 |     3 |     1 |     5 |       |       ||    10
       Foxfire Swarm     |       |     1 |       |     1 |       |       ||     2
       Line Pass         |       |       |       |       |     2 |       ||     2
       Grand Finale      |       |       |       |       |     1 |       ||     1
Evoke: Wand              |       |     1 |     9 |    52 |    43 |     1 ||   106
       Phial of floods   |       |       |       |       |     1 |       ||     1
       Phantom mirror    |       |       |       |       |       |     1 ||     1
  Use: Scroll            |       |     3 |     1 |    17 |    15 |     2 ||    38
       Potion            |       |     2 |       |     4 |    10 |     5 ||    21
 Stab: Paralysed         |       |     6 |    27 |    11 |    62 |     6 ||   112
       Distracted        |       |       |       |       |     2 |       ||     2
       Sleeping          |       |       |       |       |    13 |       ||    13
       Invisible         |       |       |       |       |     6 |       ||     6
       Confused          |       |       |       |       |     1 |       ||     1
       Held in net/web   |       |       |       |       |       |     1 ||     1
Armor: Robe              |    39 |       |       |       |       |       ||    39
       Ring mail         |    24 |    43 |    43 |       |       |       ||   110
       Scale mail        |       |       |    13 |       |       |       ||    13
       Swamp dragon scal |       |       |    29 |   338 |   642 |    23 ||  1032
       Skin              |       |       |       |     4 |       |       ||     4
Dodge: Dodged            |    94 |    57 |   141 |   523 |  1007 |    53 ||  1875
Block: Buckler           |       |       |       |     3 |       |       ||     3

Table legend: (Time is in decaauts)
 A = Elapsed time spent in this place.
 B = Non-inter-level travel time spent in this place.
 C = Inter-level travel time spent in this place.
 D = Time resting spent in this place.
 E = Time spent auto-exploring this place.
 F = Levels seen in this place.
 G = Mean time per level.
                   A        B        C        D        E       F      G
               +--------+--------+--------+--------+--------+-----+--------+
         Total |  35998 |  33863 |   2135 |   9642 |  17960 |  27 | 1333.3 |
       Dungeon |  22143 |  20648 |   1495 |   5706 |  11356 |  15 | 1476.2 |
          Lair |  10135 |   9586 |    549 |   2517 |   5327 |   6 | 1689.2 |
   Spider Nest |      9 |      9 |      0 |      0 |      0 |   1 |    9.0 |
  Orcish Mines |   1736 |   1646 |     90 |    189 |   1122 |   2 |  868.0 |
         Sewer |    175 |    175 |      0 |     32 |     95 |   1 |  175.0 |
        Bailey |    362 |    362 |      0 |    115 |     60 |   1 |  362.0 |
      Ice Cave |   1435 |   1435 |      0 |   1082 |      0 |   1 | 1435.0 |
               +--------+--------+--------+--------+--------+-----+--------+

Top non-repeatable levels by time:
    D:12: 3556 daAuts
  Lair:3: 2468 daAuts
     D:4: 2219 daAuts
  Lair:2: 2044 daAuts
     D:9: 1888 daAuts
  Lair:4: 1862 daAuts
     D:1: 1751 daAuts
     D:8: 1646 daAuts
    D:10: 1560 daAuts
   IceCv: 1435 daAuts
    D:13: 1347 daAuts
  Lair:1: 1292 daAuts
  Lair:5: 1282 daAuts
    D:14: 1248 daAuts
     D:6: 1233 daAuts
